 Dungeon Crawl Stone Soup version 0.22-b1-21-g5cfc168 (webtiles) character file.

1627 Lilu the Fighter (level 8, 0/47 HPs)
             Began as a Vine Stalker Assassin on Aug 4, 2018.
             Succumbed to a killer bee's poison
             ... on level 6 of the Dungeon.
             The game lasted 00:22:24 (5031 turns).

Lilu the Fighter (Vine Stalker Assassin)            Turns: 5031, Time: 00:22:24

Health: 0/47       AC:  4    Str: 15    XL:     8   Next: 97%
Magic:  4/18       EV: 11    Int: 11    God:
Gold:   364        SH:  0    Dex: 17    Spells: 7/7 levels left

rFire    . . .     SeeInvis .   K - +1 short sword (speed)
rCold    . . .     Gourm    .   (no shield)
rNeg     . . .     Faith    .   c - +0 robe
rPois    .         Spirit   +   J - +0 helmet
rElec    .         Reflect  .   d - +0 cloak
rCorr    .         Harm     .   (no gloves)
MR       ++...                  (no boots)
Stlth    ++++......             (no amulet)
HPRegen  0.55/turn              i - ring of magical power
MPRegen  0.16/turn              v - ring of protection from magic

@: lethally poisoned (0 -> -18), very slightly contaminated, invisible
A: fangs 3, regeneration 1, magic shield, antimagic bite, no potion heal 3, rot
immunity
a: no special abilities


You were on level 6 of the Dungeon.
You were hungry.

You visited 1 branch of the dungeon, and saw 6 of its levels.

You collected 364 gold pieces.

Inventory:

Hand Weapons
 b - a +0 blowgun
 t - a +3 dagger
 K - a +1 short sword of speed (weapon)
 N - a +2 hunting sling of flaming
 P - a +0 shortbow
Missiles
 e - 17 poisoned needles
 f - 2 curare-tipped needles
 l - 98 arrows
 m - 284 stones (quivered)
 p - 83 sling bullets
Armour
 c - a +0 robe (worn)
 d - a +0 cloak (worn)
 y - a +0 ring mail of fire resistance
 J - a +0 helmet (worn)
 M - a +0 shield
Jewellery
 i - a ring of magical power (left hand)
 v - a ring of protection from magic (right hand)
Wands
 C - a wand of paralysis (10)
 H - a wand of clouds (4)
 L - a wand of polymorph (16)
Scrolls
 j - a scroll of amnesia
 q - 3 scrolls of identify
 r - 2 scrolls of random uselessness {unknown}
 s - 2 scrolls of teleportation {unknown}
 u - 4 scrolls of fear {unknown}
 w - 2 scrolls of magic mapping {unknown}
 z - 2 scrolls of remove curse
 G - a scroll of immolation {unknown}
 I - a scroll of enchant armour {unknown}
Potions
 a - a potion of invisibility
 h - a potion of heal wounds {unknown}
 k - a potion of curing {unknown}
 n - a potion of lignification {unknown}
 o - a potion of flight {unknown}
 x - a potion of brilliance {unknown}
 A - 4 potions of haste {unknown}
 B - a potion of magic {unknown}
 E - a potion of mutation {unknown}
 F - a potion of might {unknown}
Comestibles
 g - 8 rations
 O - 4 chunks of flesh


   Skills:
 - Level 8.0 Fighting
 + Level 5.2 Short Blades
 - Level 1.7 Throwing
 - Level 0.7 Dodging
 - Level 7.6 Stealth


You had 7 spell levels left.
You didn't know any spells.
Your spell library was empty.

Dungeon Overview and Level Annotations

Branches:
Dungeon (6/15)
 Temple: D:4-7

Altars:
Cheibriados
Okawaru
Ru
Vehumet
Yredelemnul

Annotations:
D:6 Duvessa


Innate Abilities, Weirdness & Mutations

You have razor-sharp teeth.
Your natural rate of healing is unusually fast.
When hurt, damage is shared between your health and your magic reserves.
Your bite disrupts and absorbs the magic of your enemies.
Potions cannot restore your health.
You are immune to rotting.


Message History

* * * LOW HITPOINT WARNING * * *
You are more poisoned.
The killer bee poisons you!
You hit the killer bee.
The killer bee is heavily wounded.
* * * LOW HITPOINT WARNING * * *
You feel sick.
You catch the helpless killer bee completely off-guard!
You puncture the killer bee!
You kill the killer bee!
* * * LOW HITPOINT WARNING * * *
You feel sick.
* * * LOW HITPOINT WARNING * * *
You feel sick. The killer bee stings you!
* * * LOW HITPOINT WARNING * * *
You are more poisoned.
The killer bee poisons you!
You miss the killer bee.
The killer bee buzzes angrily.
You die...

###.####### #(.e..y(..#
#>....#####.# #.#=#. #e#
.y #. #†#
.....#.#####.#####.# #.
................# .
.........y#######
.##.####.@# #...# #..(#
########...#
#[.........######## #.
#.######.#........# ..
#.##.# #.########.# ..
#.##.######.# #.#
<.##.#.......#.########.#


You could see Duvessa (wandering) and a killer bee (wandering).

Vanquished Creatures
  Sigmund (D:3)
  Edmund (D:4)
  2 ice beasts (D:5)
  Purgy (D:4)
  An ogre (D:5)
  A centaur (D:6)
  Blork the orc (D:4)
  A bullfrog (D:5)
  5 killer bees (D:6)
  A crimson imp (D:6)
  A bullfrog zombie (D:5)
  An orc wizard (D:4)
  An orc priest (D:4)
  Crazy Yiuf (D:4)
  A jelly (D:5)
  A bullfrog skeleton (D:5)
  Ijyb (D:3)
  2 iguanas (D:5)
  2 worker ants
  A statue (D:5)
  Robin (D:3)
  A worker ant zombie (D:5)
  4 gnolls (D:3)
  5 adders
  A shadow imp (D:5)
  2 oozes
  3 worms
  2 dart slugs (D:1)
  3 leopard geckos
  11 orcs
  7 giant cockroaches
  8 hobgoblins
  4 jackals (D:1)
  3 ball pythons
  5 bats
  4 frilled lizards
  21 goblins
  6 kobolds
  4 rats
122 creatures vanquished.

Notes
Turn   | Place    | Note
-------+----------+-------------------------------------------
     0 | D:1      | Lilu the Vine Stalker Assassin began the quest for the Orb.
     0 | D:1      | Reached XP level 1. HP: 11/11 MP: 2/2
    74 | D:1      | Reached skill level 2 in Fighting
    74 | D:1      | Reached skill level 5 in Stealth
    84 | D:1      | Reached XP level 2. HP: 11/15 MP: 3/3
   398 | D:1      | Reached XP level 3. HP: 16/19 MP: 4/4
   949 | D:2      | Gained mutation: Your natural rate of healing is unusually fast. [Vine Stalker growth]
   949 | D:2      | Reached XP level 4. HP: 23/23 MP: 5/5
   983 | D:2      | Found a faded altar of an unknown god.
  1012 | D:2      | Reached skill level 3 in Fighting
  1109 | D:2      | Found a sacrificial altar of Ru.
  1817 | D:3      | Reached XP level 5. HP: 25/28 MP: 6/6
  1956 | D:3      | Noticed Ijyb
  1959 | D:3      | Found a snail-covered altar of Cheibriados.
  1973 | D:3      | Paralysed by Ijyb for 3 turns
  1980 | D:3      | Paralysed by Ijyb for 6 turns
  1988 | D:3      | Killed Ijyb
  1993 | D:3      | Noticed Sigmund
  2009 | D:3      | Killed Sigmund
  2009 | D:3      | Reached skill level 4 in Fighting
  2009 | D:3      | Reached XP level 6. HP: 34/34 MP: 7/7
  2282 | D:3      | Noticed Robin
  2299 | D:3      | Killed Robin
  2586 | D:4      | Found a basalt altar of Yredelemnul.
  2769 | D:4      | Reached skill level 5 in Fighting
  2823 | D:4      | Reached XP level 7. HP: 20/39 MP: 8/8
  2909 | D:4      | Noticed Purgy
  2918 | D:4      | Killed Purgy
  2961 | D:4      | Noticed Edmund
  2998 | D:4      | Killed Edmund
  2998 | D:4      | Reached skill level 6 in Fighting
  3386 | D:4      | Found a runed door.
  3390 | D:4      | Noticed Crazy Yiuf
  3394 | D:4      | Killed Crazy Yiuf
  3504 | D:4      | Noticed Blork the orc
  3506 | D:4      | Killed Blork the orc
  3967 | D:5      | Entered Level 5 of the Dungeon
  3993 | D:5      | Found a radiant altar of Vehumet.
  4088 | D:5      | Found an iron altar of Okawaru.
  4183 | D:5      | Reached skill level 7 in Fighting
  4183 | D:5      | Gained mutation: You have razor-sharp teeth. [Vine Stalker growth]
  4183 | D:5      | Reached XP level 8. HP: 43/46 MP: 9/9
  4765 | D:5      | Reached skill level 8 in Fighting
  5002 | D:6      | Noticed Duvessa
  5021 | D:6      | Reached skill level 5 in Short Blades
  5030 | D:6      | HP: 2/47 [poisoned by a killer bee]
  5031 | D:6      | Succumbed to a killer bee's poison

Skill      XL: |  1  2  3  4  5  6  7  8 |
---------------+-------------------------+-----
Fighting       | 2 3 4 5 7 8 |  8.0
Stealth        | 5 6 7 |  7.6
Short Blades   | 5 |  5.2
Throwing       | |  1.7
Dodging        | |  0.7

Action                   |  1- 3 |  4- 6 |  7- 9 || total
-------------------------+-------+-------+-------++-------
Melee: Dagger            |    72 |   122 |    44 ||   238
       Bite              |    20 |    34 |    35 ||    89
       Short sword       |       |       |    61 ||    61
 Fire: Hunting sling     |       |       |     9 ||     9
Throw: Tomahawk          |     3 |    21 |    31 ||    55
       Stone             |       |     5 |       ||     5
  Use: Scroll            |       |       |     3 ||     3
       Potion            |       |       |     1 ||     1
 Stab: Sleeping          |     7 |    11 |    10 ||    28
       Distracted        |       |     1 |       ||     1
       Invisible         |       |       |     1 ||     1
  Eat: Chunk             |       |     6 |     3 ||     9
       Ration            |       |       |     1 ||     1
Armor: Robe              |    11 |    22 |    14 ||    47
       Ring mail         |       |     1 |       ||     1
Dodge: Dodged            |    36 |    60 |    57 ||   153
